AoeStats
← ajanderson120

African Clearing

510780323Analyzed
4v4 RM · 1d ago on Oct 2, 2026· 52m 11s· 8 players
Game mode
Random Map
Map size
Large (8 player)
Population
200
Speed
Normal
Resources
Standard
Victory
Conquest
Starting age
Dark Age
Ending age
Imperial Age
RankedLock teamsTeams togetherTeam positionsShared explorationLock speedFull tech treeHidden civsTurbo modeCheats
Victory
Defeat
🇨🇦 Aztecs · Canada
1181
+14
🇹🇷 Cumans · Türkiye
1157
+15
🇺🇸 Danes · United States
1139
+16
🇮🇩 Chinese · Indonesia
1114
+18
🇧🇷 Persians · Brazil
1157
-16
🇧🇷 Teutons · Brazil
1156
-16
🇨🇳 Cumans · China
1141
-16
🇨🇳 Ethiopians · China
1113
-15
BAŞARAMADIM
12:48 Feudal Age
12:28 Loom
24:02 Gold Mining
26:47 Castle Age
25:27 Forging
25:34 Bloodlines
25:21 Stone Mining
28:43 Light Cavalry
30:40 Horse Collar
30:52 Double-Bit Axe
31:41 Heavy Plow
33:47 Wheelbarrow
34:28 Iron Casting
33:59 Scale Barding Armor
38:07 Imperial Age
37:34 Steppe Husbandry
38:07 Town Watch
38:37 Hand Cart
38:26 Hussar
45:43 Blast Furnace
48:31 Conscription
49:31 Town Patrol
ajanderson120
7:16 Loom
12:52 Feudal Age
14:17 Double-Bit Axe
17:03 Gold Mining
17:18 Horse Collar
21:09 Castle Age
20:42 Scale Mail Armor
21:39 Arson
21:54 Squires
26:59 Forging
29:53 Iron Casting
31:14 Stone Mining
31:39 Heavy Plow
33:12 Fletching
34:30 Wheelbarrow
34:30 Bow Saw
36:44 Pikeman
40:26 Caravan
42:50 Hand Cart
44:39 Gold Shaft Mining
48:50 Imperial Age
46:06 Town Watch
47:09 Chain Mail Armor
47:36 Masonry
48:35 Stone Shaft Mining
48:52 Elite Varangian Guard
51:02 Blast Furnace
51:43 Murder Holes
Sir Vivyn
6:43 Loom
12:18 Loom
14:48 Feudal Age
16:39 Wheelbarrow
15:55 Double-Bit Axe
18:58 Castle Age
20:35 Hand Cart
27:11 Fletching
30:00 Pikeman
30:44 Squires
32:28 Arson
32:45 Scale Mail Armor
34:35 Bodkin Arrow
37:24 Caravan
37:06 Eagle Warrior
37:32 Gambesons
38:03 Forging
38:46 Man-at-Arms
40:03 Iron Casting
39:44 Chain Mail Armor
40:34 Padded Archer Armor
41:33 Ballistics
41:27 Fortified Wall
41:11 Treadmill Crane
46:07 Imperial Age
44:13 Long Swordsman
45:03 Atlatl
46:17 Capped Ram
47:59 Blast Furnace
47:29 Plate Mail Armor
47:46 Siege Ram
49:48 Conscription
49:58 Elite Skirmisher
50:01 Elite Eagle Warrior
52:04 Elite Jaguar Warrior
Sir Aldi
3:07 Loom
11:41 Feudal Age
18:17 Forging
25:08 Castle Age
23:53 Double-Bit Axe
23:50 Horse Collar
24:40 Gold Mining
25:29 Scale Barding Armor
27:34 Bow Saw
27:49 Fletching
33:14 Wheelbarrow
32:25 Town Watch
32:46 Stone Mining
35:42 Scale Mail Armor
36:39 Hand Cart
39:43 Imperial Age
38:04 Chain Mail Armor
37:59 Pikeman
38:39 Squires
39:40 Padded Archer Armor
40:05 Ballistics
40:18 Elite Skirmisher
41:18 Thumb Ring
41:20 Halberdier
46:12 Bodkin Arrow
46:33 Leather Archer Armor
47:49 Chemistry
48:14 Bracer
48:45 Ring Archer Armor
50:16 Light Cavalry
51:56 Husbandry
52:06 Bloodlines
KannYahoo
10:26 Loom
13:08 Feudal Age
13:59 Double-Bit Axe
17:01 Scale Barding Armor
17:04 Horse Collar
19:17 Bloodlines
23:07 Castle Age
21:49 Forging
24:59 Wheelbarrow
24:36 Gold Mining
25:38 Chain Barding Armor
26:49 Iron Casting
30:20 Bow Saw
30:55 Fletching
33:51 Hand Cart
34:55 Town Watch
39:53 Ballistics
42:06 Imperial Age
42:42 Cavalier
BRTIM Dominus
11:40 Feudal Age
12:48 Loom
14:11 Double-Bit Axe
15:00 Scale Barding Armor
25:55 Castle Age
24:30 Horse Collar
27:38 Bow Saw
28:36 Gold Mining
33:37 Bloodlines
35:18 Heavy Plow
38:44 Husbandry
51:32 Imperial Age
50:21 Chain Barding Armor
50:13 Forging
51:10 Murder Holes
3122521604
6:17 Loom
15:22 Feudal Age
22:19 Fishing Lines
24:09 Double-Bit Axe
29:00 Castle Age
27:11 Fletching
28:33 Wheelbarrow
31:13 Bodkin Arrow
31:19 Padded Archer Armor
32:07 Bloodlines
35:38 Imperial Age
34:36 Ballistics
34:48 Steppe Husbandry
35:53 Leather Archer Armor
35:53 Forging
39:51 Chemistry
39:35 Hand Cart
41:54 Murder Holes
45:02 Elite Kipchak
51:53 Conscription
Money Lin
13:32 Feudal Age
15:00 Double-Bit Axe
24:18 Castle Age
22:05 Horse Collar
26:04 Bow Saw
25:58 Heavy Plow
27:56 Squires
28:11 Forging
28:02 Scale Mail Armor
Connection lost

Rejoining the realm…

Still unreachable

The connection could not be restored.

Session expired

The server has moved on; the page needs a fresh start.